 Dungeon Crawl Stone Soup version 0.28.0 (webtiles) character file.

Game seed: 14180227759773175750

61 mkm the Skirmisher (level 3, -11/32 (36) HPs)
             Began as a Minotaur Berserker on Feb 9, 2022.
             Was a Believer of Trog.
             Mangled by Terence (13 damage)
             ... on level 2 of the Dungeon.
             The game lasted 00:03:38 (1634 turns).

mkm the Skirmisher (Minotaur Berserker)             Turns: 1634, Time: 00:03:39

HP:   -11/32 (36)   AC:  5    Str: 21    XL:     3   Next: 83%
MP:   2/2           EV: 11    Int:  4    God:    Trog [**....]
Gold: 39            SH:  0    Dex: 11    Spells: 2/2 levels left

rFire   . . .      SeeInvis .   e - +0 war axe
rCold   . . .      Faith    .   (no shield)
rNeg    . . .      Spirit   .   d - +0 ring mail
rPois   +          Reflect  .   (helmet restricted)
rElec   .          Harm     .   (no cloak)
rCorr   .          Rampage  .   (no gloves)
Will    ++...                   (no boots)
Stlth   +.........              (no amulet)
HPRegen 1.10/turn               c - ring of poison resistance
MPRegen 0.08/turn               (no ring)

@: strong-willed, regenerating, heavily drained
A: horns 2, retaliatory headbutt
a: Renounce Religion, Berserk, Trog's Hand


You were on level 2 of the Dungeon.
You worshipped Trog.
Trog was pleased with you.
You visited 1 branch of the dungeon, and saw 2 of its levels.

You collected 39 gold pieces.

Inventory:

Hand Weapons
 a - a +0 mace
 e - a +0 war axe (weapon)
Armour
 d - a +0 ring mail (worn)
Jewellery
 c - a ring of poison resistance (left hand)
Scrolls
 g - a scroll of blinking {unknown}
Potions
 b - a potion of lignification {unknown}
 f - a potion of flight {unknown}
 h - a potion of heal wounds {unknown}


   Skills:
 + Level 5.0 Fighting
 + Level 0.4(2.2) Axes
 - Level 3.6 Maces & Flails
 + Level 3.0 Armour
 + Level 2.9 Dodging


You had 2 spell levels left.
You didn't know any spells.
Your spell library contained the following spells:

 Spells                   Type           Power      Damage    Failure   Level
 Foxfire                  Conj/Fire      0%         2x1d4     67%         1


Dungeon Overview and Level Annotations

Branches:
Dungeon (2/15)

Altars:
Cheibriados

Annotations:
D:2 Terence


Innate Abilities, Weirdness & Mutations

You have a pair of horns on your head.
You reflexively headbutt those who attack you in melee.


Message History

The jackal bites you but does no damage.
The jackal completely misses you.
You hit the jackal.
The jackal is almost dead.
The jackal barely misses you. The jackal bites you.
The jackal closely misses you.
You hit the jackal.
You kill the jackal!
Trog accepts your kill.
You barely miss the jackal. The jackal barely misses you.
The jackal bites you but does no damage.
You closely miss the jackal.
The jackal bites you but does no damage.
The jackal bites you.
You closely miss the jackal. Your headbutt misses the jackal.
The jackal closely misses you. You furiously retaliate!
You headbutt the jackal!
You kill the jackal!
Trog accepts your kill.
You see here a jackal corpse.
You see here a +0 leather armour.
Found 22 bolts.
Terence the Incautious comes into view.
He is wielding a +5 morningstar of draining.
Terence hits you with a +5 morningstar of draining!
You feel drained.
You hit Terence. You headbutt Terence, but do no damage.
Terence is moderately wounded.
Terence hits you with a +5 morningstar of draining!
You feel drained.
You slash Terence! You headbutt Terence, but do no damage.
Terence is severely wounded.
Terence hits you with a +5 morningstar of draining!
* * * LOW HITPOINT WARNING * * *
You feel drained.
* * * LOW HITPOINT WARNING * * *
Terence closely misses you.
Your skin crawls.
You feel strong-willed.
Terence hits you with a +5 morningstar of draining!
You die...

#### .....
......###########
#....@@......#
.....(.########.#
.##.##. ####.#### #.
#. #.......# ## ..
#.#####.# #. #. #.#
#.#### #. #. #.#
#....###. ..#####.#
#.##.....
........#####.#######


You could see Terence.

Vanquished Creatures
  An adder (D:2)
  A worm (D:2)
  A dart slug (D:1)
  3 ball pythons (D:1)
  6 endoplasms
  3 giant cockroaches (D:1)
  5 goblins
  2 hobgoblins
  3 jackals (D:2)
  2 quokkas (D:1)
  5 bats
  3 frilled lizards
  4 kobolds (D:1)
  2 rats
41 creatures vanquished.

Notes
Turn   | Place    | Note
-------+----------+-------------------------------------------
     0 | D:1      | mkm the Minotaur Berserker began the quest for the Orb.
     0 | D:1      | Reached XP level 1. HP: 19/19 MP: 0/0
   240 | D:1      | Reached skill level 4 in Fighting
   308 | D:1      | Reached XP level 2. HP: 27/27 MP: 1/1
   832 | D:1      | Reached XP level 3. HP: 34/34 MP: 2/2
  1392 | D:2      | Found a snail-covered altar of Cheibriados.
  1412 | D:2      | Found a faded altar of an unknown god.
  1422 | D:2      | Got Plato's Incunabulum of Wyrd
  1484 | D:2      | Reached skill level 5 in Fighting
  1494 | D:2      | Reached ** piety under Trog
  1627 | D:2      | Noticed Terence
  1633 | D:2      | HP: 1/32 [Terence (3)]
  1634 | D:2      | Mangled by Terence

Illustrated notes

Levels and vault maps discovered:
D:1:      dpeg_arrival_water_fire, layout_basic
D:2:      layout_loops_ring, shapermc_ecumenical_altar_rom_forum, basic_altar,
          hangedman_decor_clover_reticule, uniq_terence

Skill      XL: |  1  2  3 |
---------------+----------+-----
Fighting       | 4 5 |  5.0
Armour         | 3 |  3.0
Axes           | |  0.4
Maces & Flails | |  3.6
Dodging        | |  2.9

Action                   || total
-------------------------++-------
Melee: Mace              ||    67
       Headbutt          ||    10
       War axe           ||    25
Invok: Trog's Hand       ||     1
Armor: Animal skin       ||     8
       Ring mail         ||    26
Dodge: Dodged            ||    82
